 Dungeon Crawl Stone Soup version 0.28.0-47-ge53b351184 (webtiles) character file.

Game seed: 2311968639048890387

2790 warriortoast the Fighter (level 9, -3/127 HPs)
             Began as a Minotaur Fighter on May 10, 2022.
             Slain by Joseph
             ... wielding a +0 quarterstaff
              (11 damage)
             ... on level 7 of the Dungeon.
             The game lasted 00:14:36 (7043 turns).

warriortoast the Fighter (Minotaur Fighter)         Turns: 7043, Time: 00:14:36

Health: -3/127     AC: 24    Str: 28    XL:     9   Next: 43%
Magic:  8/8        EV:  2    Int:  5    God:
Gold:   134        SH:  5    Dex: 13    Spells: 8/8 levels left

rFire   . . .      SeeInvis .   a - +0 war axe
rCold   . . .      Faith    .   c - +0 buckler
rNeg    . . .      Spirit   .   (armour currently unavailable)
rPois   +          Reflect  .   (helmet currently unavailable)
rElec   .          Harm     .   (cloak currently unavailable)
rCorr   .          Rampage  .   (gloves currently unavailable)
Will    .....      NoTele   +   (boots currently unavailable)
Stlth   +.........              (no amulet)
HPRegen 0.31/turn               l - +6 ring of strength
MPRegen 0.11/turn               (no ring)

@: tree-form
A: stationary, stasis, torment immunity, boosted hp, (horns 2), (retaliatory
headbutt)
a: no special abilities


You were on level 7 of the Dungeon.
You were a tree.
You visited 1 branch of the dungeon, and saw 7 of its levels.

You collected 284 gold pieces.
You spent 150 gold pieces at shops.

Inventory:

Hand Weapons
 a - a +0 war axe (weapon)
Missiles
 p - 3 boomerangs (quivered)
 q - 2 silver javelins
 w - a throwing net
Armour
 b - a +0 scale mail (melded)
 c - a +0 buckler (worn)
 h - a +2 cloak of stealth (melded)
 A - a +0 pair of boots (melded)
Jewellery
 l - a +6 ring of strength (left branch)
 s - a ring of protection from fire
Wands
 d - a wand of flame (12)
 o - a wand of digging (4)
 y - a wand of mindburst (13)
Scrolls
 f - 3 scrolls of teleportation
 n - 3 scrolls of identify
 t - 3 scrolls of fear
Potions
 e - 3 potions of brilliance
 g - a potion of lignification
 i - 8 potions of curing
 j - a potion of degeneration {unknown}
 m - a potion of cancellation {unknown}
 r - a potion of ambrosia {unknown}
 v - a potion of magic {unknown}
 x - a potion of attraction {unknown}
 z - a potion of flight {unknown}


   Skills:
 - Level 10.2 Fighting
 - Level 9.9 Axes
 + Level 5.7 Armour
 + Level 3.8 Dodging
 + Level 5.7 Shields


You had 8 spell levels left.
You didn't know any spells.
Your spell library contained the following spells:

 Spells                   Type           Power      Damage    Failure   Level
 Summon Small Mammal      Summ           0%         N/A       56%         1
 Call Canine Familiar     Summ           0%         N/A       90%         3
 Summon Guardian Golem    Hex/Summ       0%         N/A       90%         3


Dungeon Overview and Level Annotations

Branches:
Dungeon (7/15)
 Temple: D:4-7

Altars:
Makhleb
Vehumet

Shops:
D:1 ?   D:5 :

Annotations:
D:7 Joseph


Innate Abilities, Weirdness & Mutations

You are a tree.
Your roots penetrate the ground, keeping you stationary.
You cannot be teleported.
You are immune to unholy pain and torment.
Your maximum health is greatly increased.
Your equipment is partially melded.
((You have a pair of horns on your head.))
((You reflexively headbutt those who attack you in melee.))


Message History

Something hits you but does no damage.
You slash Joseph!
Joseph is heavily wounded.
You miss something. Joseph barely misses you. You furiously retaliate!
You headbutt Joseph! Joseph hits you with a +0 quarterstaff!
* * * LOW HITPOINT WARNING * * *
Something hits you but does no damage.
You hit Joseph.
Joseph is heavily wounded.
You miss something.
Joseph hits you with a +0 quarterstaff!!
* * * LOW HITPOINT WARNING * * *
Something hits you but does no damage.
Blink to where?
Press: ? - help, Dir - move target
As you read the scroll of blinking, it crumbles to dust.
You hear a shout!
You hear a shout!
You hear a shout!
You feel much better.
Really quaff the potion of lignification?
You turn into a tree.
Your +2 cloak of stealth melds into your body.
Your +0 pair of boots melds into your body.
Your +0 scale mail melds into your body.
You feel less stealthy.
Your roots penetrate the ground.
Joseph hits you with a +0 quarterstaff!
* * * LOW HITPOINT WARNING * * *
You hit Joseph.
Joseph is severely wounded.
You block Joseph's attack. Joseph hits you but does no damage.
You slice Joseph!!
Joseph is severely wounded.
Joseph hits you but does no damage.
You hit Joseph but do no damage.
Joseph is severely wounded.
Joseph hits you with a +0 quarterstaff!
* * * LOW HITPOINT WARNING * * *
Joseph hits you with a +0 quarterstaff!
You die...

....... ...##.>..............
....... #..######.#.......#.#
......)#####..# #.#.......#..
###){......# #.#.......###
#.......##.# #.#....####
...)(#####.##@# #.#....# ...#
####.##.# #......## #.
#.......#### ##......# #
.....##.###@♣.####.#.##.#####
#.## #.# #.#...##.#........#
..# #...#.##.#.....##.# ####
##.##.##.......##.#
#.##.##..#.#..##.#
###.##.##.......#...
#...............#...
#.#.##.###..###.#..#
#.#.##.###..###.#.##


You could see Joseph (berserk).

Vanquished Creatures
  Pikel (D:5)
  Sigmund (D:4)
  Menkaure (D:5)
  A water moccasin (D:6)
  3 black bears
  A necrophage (D:6)
  3 ogres (D:5)
  A centaur (D:6)
  A lemure (D:5)
  A phantom (D:5)
  Blork the orc (D:4)
  A bullfrog (D:7)
  2 scorpions (D:4)
  3 jellies (D:4)
  A bullfrog zombie (D:6)
  A gnoll shaman (D:6)
  2 orc priests
  A hound (D:5)
  A bullfrog skeleton (D:5)
  Crazy Yiuf (D:4)
  2 iguanas
  5 orc wizards
  A killer bee zombie (D:5)
  Robin (D:4)
  16 gnolls
  7 adders
  A shadow imp (D:6)
  A white imp (D:6)
  An ufetubus (D:4)
  A worm (D:2)
  2 dart slugs
  24 orcs
  7 endoplasms
  3 giant cockroaches
  12 goblins
  14 hobgoblins
  A jackal (D:4)
  8 quokkas
  12 ball pythons
  7 bats
  2 frilled lizards (D:2)
  10 kobolds
  A quokka skeleton (D:4)
  23 rats
190 creatures vanquished.

Vanquished Creatures (others)
  A plant (D:2)
1 creature vanquished.

Grand Total: 191 creatures vanquished

Notes
Turn   | Place    | Note
-------+----------+-------------------------------------------
     0 | D:1      | warriortoast the Minotaur Fighter began the quest for the
                  | Orb.
     0 | D:1      | Reached XP level 1. HP: 19/19 MP: 0/0
   143 | D:1      | Reached skill level 4 in Fighting
   143 | D:1      | Reached XP level 2. HP: 26/27 MP: 1/1
   378 | D:1      | Found Ingegera's Magic Scroll Emporium.
   833 | D:1      | Reached XP level 3. HP: 31/34 MP: 2/2
   953 | D:2      | Found a faded altar of an unknown god.
  1215 | D:2      | Noticed a black bear
  1220 | D:2      | Killed a black bear
  1221 | D:2      | Reached skill level 5 in Fighting
  1221 | D:2      | Reached XP level 4. HP: 37/42 MP: 3/3
  1320 | D:2      | Reached XP level 5. HP: 48/48 MP: 4/4
  1475 | D:2      | Found a burning altar of Makhleb.
  1758 | D:3      | Reached skill level 5 in Axes
  2217 | D:3      | Reached skill level 6 in Fighting
  2620 | D:4      | Reached XP level 6. HP: 38/58 MP: 5/5
  2822 | D:4      | Noticed Sigmund
  2826 | D:4      | Killed Sigmund
  2827 | D:4      | Reached skill level 7 in Fighting
  2912 | D:4      | Noticed Robin
  2940 | D:3      | Reached XP level 7. HP: 24/66 MP: 6/6
  3149 | D:4      | Killed Robin
  3576 | D:4      | Found a runed translucent door.
  3577 | D:4      | Noticed Crazy Yiuf
  3582 | D:4      | Killed Crazy Yiuf
  3660 | D:4      | Reached skill level 8 in Fighting
  3899 | D:4      | Noticed Blork the orc
  3908 | D:4      | Killed Blork the orc
  4028 | D:4      | Found a radiant altar of Vehumet.
  4271 | D:1      | Bought a scroll of identify for 20 gold pieces
  4271 | D:1      | Bought a scroll of fear for 35 gold pieces
  4271 | D:1      | Bought a scroll of blinking for 75 gold pieces
  4271 | D:1      | Bought a scroll of identify for 20 gold pieces
  4341 | D:5      | Entered Level 5 of the Dungeon
  4371 | D:5      | Reached XP level 8. HP: 75/75 MP: 7/7
  4636 | D:5      | Noticed Pikel
  4650 | D:5      | Killed Pikel
  4651 | D:5      | Reached skill level 9 in Fighting
  4653 | D:5      | Noticed Menkaure
  4654 | D:5      | Reached skill level 10 in Fighting
  4938 | D:5      | Killed Menkaure
  4981 | D:5      | Found Peohadi's Book Shoppe.
  5090 | D:5      | Reached skill level 1 in Dodging
  5139 | D:5      | Reached XP level 9. HP: 57/85 MP: 8/8
  5992 | D:6      | Reached skill level 5 in Armour
  5992 | D:6      | Reached skill level 5 in Shields
  7017 | D:7      | Noticed Joseph
  7032 | D:7      | HP: 3/85 [Joseph/+0 quarterstaff (19)]
  7043 | D:7      | Slain by Joseph

Illustrated notes

Levels and vault maps discovered:
D:1:      dpeg_arrival_central, layout_basic, serial_shops,
          nicolae_shop_window_shopping
D:2:      layout_loops_ring, shapermc_ecumenical_altar_acropolis, basic_altar,
          minmay_rat_hole
D:3:      layout_basic
D:4:      layout_gridville, vehumet_altar_wand_db, st_stairs_9,
          corexii_item_surrounded_by_moat, roderic_roman_lattice,
          uniq_crazy_yiuf_cottage, uniq_sigmund, uniq_robin, uniq_blork_the_orc
D:5:      layout_rooms, serial_shops, nicolae_shop_crystal, kennysheep_diamond,
          uniq_pikel, uniq_menkaure
D:6:      layout_gridville
D:7:      layout_loops_cross, minmay_temple_entry_offerings, uniq_joseph

Skill      XL: |  1  2  3  4  5  6  7  8  9 |
---------------+----------------------------+-----
Fighting       | 4 5 6 7 8 10 | 10.2
Axes           | 3 4 5 6 8 9 |  9.9
Dodging        | 1 3 |  3.8
Armour         | 4 5 |  5.7
Shields        | 4 5 |  5.7

Action                   |  1- 3 |  4- 6 |  7- 9 || total
-------------------------+-------+-------+-------++-------
Melee: War axe           |    71 |    98 |   241 ||   410
       Headbutt          |     9 |    17 |    34 ||    60
Throw: Boomerang         |       |    10 |     2 ||    12
  Use: Scroll            |       |     5 |     4 ||     9
       Potion            |       |     1 |     3 ||     4
Armor: Scale mail        |    27 |    38 |   111 ||   176
       Skin              |       |       |     2 ||     2
Dodge: Dodged            |    33 |    47 |    84 ||   164
Block: Buckler           |    17 |    26 |    56 ||    99
